 Dungeon Crawl Stone Soup version 0.28.0-56-g4927b6849a (webtiles) character file.

Game seed: 407762968513302756

196 AarnesTheHuman the Skirmisher (level 5, 0/47 HPs)
             Began as a Hill Orc Fighter on Feb 6, 2023.
             Slain by Grinder (2 damage)
             ... on level 3 of the Dungeon.
             The game lasted 00:01:43 (2233 turns).

AarnesTheHuman the Skirmisher (Hill Orc Fighter)    Turns: 2233, Time: 00:01:43

Health: 0/47       AC:  7    Str: 21    XL:     5   Next: 74%
Magic:  5/5        EV:  9    Int:  8    God:
Gold:   99         SH:  4    Dex: 10    Spells: 4/4 levels left

rFire   . . .      SeeInvis .   a - +0 war axe
rCold   + . .      Faith    .   c - +0 buckler
rNeg    . . .      Spirit   .   i - +0 scale mail
rPois   .          Reflect  .   (no helmet)
rElec   .          Harm     .   (no cloak)
rCorr   .          Rampage  .   (no gloves)
Will    .....                   (no boots)
Stlth   ..........              (no amulet)
HPRegen 0.15/turn               o - ring of protection from cold
MPRegen 0.09/turn               (no ring)

@: mighty
A: wild magic 1, no potion heal 1
a: no special abilities


You were on level 3 of the Dungeon.
You visited 1 branch of the dungeon, and saw 3 of its levels.

You collected 99 gold pieces.

Inventory:

Hand Weapons
 a - a +0 war axe (weapon)
 b - a +0 dagger of venom
Missiles
 e - 102 stones (quivered)
Armour
 c - a +0 buckler (worn)
 i - a +0 scale mail (worn)
Jewellery
 h - a ring of flight
 n - a ring of fire
 o - a ring of protection from cold (left hand)
Scrolls
 f - a scroll of summoning {unknown}
 g - 4 scrolls of enchant weapon {unknown}
 j - a scroll of identify {unknown}
 m - a scroll of blinking {unknown}
Potions
 k - a potion of mutation
 l - a potion of haste {unknown}
 p - a potion of magic {unknown}


   Skills:
 + Level 4.8 Fighting
 + Level 4.3 Axes
 + Level 4.4 Armour
 + Level 4.4 Shields


You had 4 spell levels left.
You didn't know any spells.
Your spell library contained the following spells:

 Spells                   Type           Power      Damage    Failure   Level
 Animate Skeleton         Necr           0%         N/A       88%         1


Dungeon Overview and Level Annotations

Branches:
Dungeon (3/15)

Altars:

Annotations:
D:3 Grinder


Innate Abilities, Weirdness & Mutations

Your spells are a little harder to cast, but a little more powerful.
Potions are less effective at restoring your health.


Message History

The adder bites you but does no damage.
Grinder says, "You look like you could use a good racking."
Grinder hits you but does no damage. The adder bites you but does no damage.
You slash Grinder!
Grinder is moderately wounded.
You slash the adder!
You kill the adder!
Grinder closely misses you.
You hit Grinder.
Grinder is heavily wounded.
You barely miss the orc. Grinder hits you!
You writhe in agony.
The orc hits you with a +0 whip.
You barely miss Grinder.
Grinder is heavily wounded.
You hit the orc. Grinder gestures at you. Pain shoots through your body!
* * * LOW HITPOINT WARNING * * *
The orc hits you with a +0 whip.
* * * LOW HITPOINT WARNING * * *
Grinder hits you but does no damage. The orc hits you but does no damage.
You closely miss Grinder.
Grinder is heavily wounded.
You closely miss the orc. Grinder hits you but does no damage.
The orc hits you but does no damage.
You hit Grinder.
Grinder is heavily wounded.
You hit the orc.
You kill the orc!
Grinder hits you.
* * * LOW HITPOINT WARNING * * *
You writhe in agony.
* * * LOW HITPOINT WARNING * * *
You aren't carrying any items that you can evoke.
Unknown command.
It was a potion of mutation.
You feel extremely strange.
You feel less in control of your magic.
Your system partially rejects the healing effects of potions.
Grinder hits you.
You die...

†.............#
^........^....#
.....
#.#.#._.#.#.#.#
##.....
#.#.#####.#.#.#
.......
.#.#.....#.#..#
.....#
..#.#####P#...#
.....# ..
#.....#...## .....+
#
####...#####5....##
..........>.@)......
#....###############
#.... #... #... #..


You could see Grinder.

Vanquished Creatures
  Jessica (D:2)
  Natasha (thrice) (D:2)
  3 adders
  A gnoll (D:1)
  3 dart slugs
  An orc (D:3)
  8 bats
  4 endoplasms
  2 giant cockroaches (D:1)
  3 goblins
  6 hobgoblins
  4 jackals (D:1)
  3 quokkas (D:1)
  2 ball pythons (D:1)
  7 kobolds
  2 rats
53 creatures vanquished.

Notes
Turn   | Place    | Note
-------+----------+-------------------------------------------
     0 | D:1      | AarnesTheHuman the Hill Orc Fighter began the quest for the
                  | Orb.
     0 | D:1      | Reached XP level 1. HP: 19/19 MP: 1/1
   202 | D:1      | Reached XP level 2. HP: 27/27 MP: 2/2
   315 | D:1      | Reached XP level 3. HP: 15/33 MP: 3/3
   861 | D:2      | Noticed Jessica
   876 | D:2      | Killed Jessica
   877 | D:2      | Reached XP level 4. HP: 8/41 MP: 4/4
  1251 | D:2      | Noticed Natasha
  1257 | D:2      | Killed Natasha
  1568 | D:2      | Reached XP level 5. HP: 47/47 MP: 5/5
  1614 | D:2      | Noticed Natasha
  1624 | D:2      | Killed Natasha
  1914 | D:2      | Noticed Natasha
  1926 | D:2      | Killed Natasha
  2196 | D:3      | Found a faded altar of an unknown god.
  2208 | D:3      | Got Plato's Almanac of Evil
  2222 | D:3      | Noticed Grinder
  2232 | D:3      | HP: 2/47 [Grinder (5)]
  2233 | D:3      | Gained mutation: Your spells are a little harder to cast,
                  | but a little more powerful. [potion of mutation]
  2233 | D:3      | Gained mutation: Potions are less effective at restoring
                  | your health. [potion of mutation]
  2233 | D:3      | Slain by Grinder

Illustrated notes

Levels and vault maps discovered:
D:1:      minmay_arrival_cross, layout_basic
D:2:      layout_loops_ring, kennysheep_generic_room_8, uniq_natasha,
          uniq_jessica
D:3:      layout_basic, shapermc_ecumenical_altar_rom_forum, uniq_grinder,
          uniq_robin

Skill      XL: |  1  2  3  4  5 |
---------------+----------------+-----
Axes           | 3 4 |  4.3
Fighting       | 4 |  4.8
Armour         | 4 |  4.4
Shields        | 4 |  4.4

Action                   |  1- 3 |  4- 6 || total
-------------------------+-------+-------++-------
Melee: War axe           |    69 |    59 ||   128
  Use: Potion            |       |     2 ||     2
Armor: Scale mail        |    39 |    32 ||    71
Dodge: Dodged            |    38 |    25 ||    63
Block: Buckler           |    18 |    14 ||    32
